 Dungeon Crawl Stone Soup version 0.30-a0-134-gb40fab5c76 (webtiles) character file.

Game seed: 3423010459307198058

205 jlumianski the Chopper (level 5, -8/32 HPs)
             Began as a Gargoyle Gladiator on Sept 20, 2022.
             Was an Initiate of Okawaru.
             Mangled by an iguana (11 damage)
             ... on level 4 of the Dungeon.
             The game lasted 00:08:49 (2759 turns).

jlumianski the Chopper (Gargoyle Gladiator)         Turns: 2759, Time: 00:08:50

Health: -8/32      AC: 11    Str: 20    XL:     5   Next: 83%
Magic:  5/5        EV: 11    Int:  8    God:    Okawaru [......]
Gold:   134        SH:  0    Dex: 11    Spells: 4/4 levels left

rFire   . . .      SeeInvis .    a - +0 war axe
rCold   . . .      Faith    .    (no shield)
rNeg    + . .      Spirit   .    l - +0 ring mail
rPois   ∞          Reflect  .    c - +0 helmet
rElec   +          Harm     .    m - +0 cloak
rCorr   .          Rampage  .    (no gloves)
Will    +....                    (no boots)
Stlth   +.........               (no amulet)
HPRegen 0.90/turn                (no ring)
MPRegen 0.09/turn                (no ring)

@: no status effects
A: sickness immunity, AC +4, negative energy resistance 1, electricity
resistance, torment resistance 1, petrification resistance, strong-willed 1,
regeneration 1
a: Renounce Religion


You were on level 4 of the Dungeon.
You worshipped Okawaru.
Okawaru was noncommittal.
You visited 2 branches of the dungeon, and saw 5 of its levels.

You collected 134 gold pieces.

Inventory:

Hand Weapons
 a - a +0 war axe (weapon)
Missiles
 d - 3 throwing nets (quivered)
 e - a javelin
 n - 3 silver javelins
Armour
 b - a +0 leather armour
 c - a +0 helmet (worn)
 l - a +0 ring mail (worn)
 m - a +0 cloak (worn)
Jewellery
 o - a ring of wizardry
Wands
 h - a wand of iceblast (10)
 w - a wand of flame (19)
 y - a wand of polymorph (2)
Scrolls
 f - 2 scrolls of teleportation
 j - a scroll of noise
 k - a scroll of torment
 r - a scroll of fear
Potions
 g - a potion of lignification {unknown}
 i - a potion of haste {unknown}
 p - a potion of curing {unknown}
 q - a potion of ambrosia
 s - a potion of might {unknown}
 t - a potion of brilliance {unknown}
 u - a potion of mutation
 v - a potion of degeneration {unknown}
 x - a potion of attraction {unknown}


   Skills:
 + Level 3.0 Fighting
 + Level 4.3 Axes
 + Level 1.9 Throwing
 + Level 1.9 Armour
 + Level 3.1 Dodging
 + Level 1.0 Stealth


You had 4 spell levels left.
You didn't know any spells.
Your spell library contained the following spells:

 Spells                   Type           Power      Damage    Failure   Level
 Scorch                   Fire           0%         2d5       73%         2
 Flame Wave               Conj/Fire      0%         2d4       100%        4
 Summon Cactus Giant      Summ           Unusable   N/A       N/A         6

Dungeon Overview and Level Annotations

Branches:
Dungeon (4/15)             Temple (1/1) D:4

Altars:
Dithmenos
Makhleb
Nemelex Xobeh
Okawaru
Sif Muna
Trog
Vehumet
Wu Jian
Xom
Zin
The Shining One


Innate Abilities, Weirdness & Mutations

You are immune to sickness and miasma.
Your stone body is resilient. (AC +4)
You are immune to poison.
You resist negative energy. (rN+)
You are resistant to electric shocks. (rElec)
You are resistant to unholy torment.
You are immune to petrification.
You are strong-willed. (Will+)
Your natural rate of healing is unusually fast.


Message History

You hear the hiss of a very distant avalanche of sand.
There is a staircase to the Ecumenical Temple here.
You pick up a book of Scorching and begin reading...
You add the spells Scorch and Flame Wave to your library.
You now have 134 gold pieces (gained 14).
An iguana comes into view.
You see here 5 gold pieces.
The iguana hisses menacingly.
You hit the iguana but do no damage. The iguana barely misses you.
The iguana bites you.
You hit the iguana.
The iguana is lightly wounded.
The iguana completely misses you.
You closely miss the iguana.
The iguana is lightly wounded.
The iguana bites you.
You hit the iguana but do no damage.
The iguana is lightly wounded.
The iguana bites you.
The iguana bites you but does no damage.
You slash the iguana!
The iguana is severely wounded.
The iguana barely misses you.
You hit the iguana.
The iguana is severely wounded.
The iguana bites you.
You barely miss the iguana.
The iguana is severely wounded.
The iguana closely misses you.
You barely miss the iguana.
The iguana is severely wounded.
The iguana bites you. The iguana bites you!
You barely miss the iguana.
The iguana is severely wounded.
The iguana bites you!
* * * LOW HITPOINT WARNING * * *
You hit the iguana.
The iguana is almost dead.
The iguana bites you!
You die...

##########...^.. ...
##..$@l.......... #...
###................ #...
##............(........ #...#
##....................g.
.....###.......................
.......................# .....
...##.#..............### #....
#...................#))##..#
#....#.#...........###....#


You could see an iguana.

Vanquished Creatures
  A phantom (D:4)
  Natasha (twice) (D:2)
  3 adders
  3 orcs
  3 ball pythons
  3 endoplasms
  A giant cockroach (D:1)
  6 goblins
  9 hobgoblins
  3 jackals (D:2)
  2 kobolds
  A quokka (D:3)
  3 bats
  4 frilled lizards
  5 rats (D:1)
49 creatures vanquished.

Notes
Turn   | Place    | Note
-------+----------+-------------------------------------------
     0 | D:1      | jlumianski the Gargoyle Gladiator began the quest for the
                  | Orb.
     0 | D:1      | Reached XP level 1. HP: 12/12 MP: 1/1
   159 | D:1      | Reached skill level 3 in Axes
   159 | D:1      | Reached XP level 2. HP: 5/18 MP: 2/2
   630 | D:1      | Noticed a shining eye
   633 | D:1      | Found a faded altar of an unknown god.
   635 | D:1      | Noticed a shining eye
   636 | D:1      | Noticed an eye of devastation
   636 | D:1      | Noticed a golden eye
   696 | D:1      | Reached XP level 3. HP: 22/22 MP: 3/3
  1484 | D:3      | Found a shimmering altar of Xom.
  1502 | D:2      | Reached XP level 4. HP: 27/27 MP: 4/4
  1565 | D:2      | Noticed Natasha
  1574 | D:2      | Killed Natasha
  1937 | D:2      | Noticed Natasha
  1943 | D:2      | Killed Natasha
  1944 | D:2      | Reached skill level 1 in Armour
  2283 | D:3      | Found a radiant altar of Vehumet.
  2492 | D:3      | Reached XP level 5. HP: 31/32 MP: 5/5
  2505 | D:4      | Reached skill level 4 in Axes
  2523 | D:4      | Noticed a phantom
  2538 | D:4      | Killed a phantom
  2539 | D:4      | Reached skill level 1 in Stealth
  2561 | D:4      | Gained mutation: Your natural rate of healing is unusually
                  | fast. [potion of mutation]
  2561 | D:4      | Gained mutation: You are strong-willed. (Will+) [potion of
                  | mutation]
  2623 | D:4      | Found a staircase to the Ecumenical Temple.
  2633 | Temple   | Entered the Ecumenical Temple
  2633 | Temple   | Found a transporter.
  2633 | Temple   | Found a transporter.
  2635 | Temple   | Found a transporter.
  2635 | Temple   | Found a transporter.
  2668 | Temple   | Became a worshipper of Warmaster Okawaru
  2759 | D:4      | Mangled by an iguana

Illustrated notes

Levels and vault maps discovered:
D:1:      dpeg_arrival_pits, layout_loops_corners,
          hellmonk_ecumenical_altar_watching_god
D:2:      layout_loops_ring, corexii_corridor_pit, uniq_natasha
D:3:      layout_loops_ring, slow_altar_2, xom_butterflies,
          vehumet_altar_wand_db
D:4:      layout_layer_cave, minmay_temple_entry_slanted, enter_ossuary_5
Temple:   hellmonk_temple_divided_pantheon

Skill      XL: |  1  2  3  4  5 |
---------------+----------------+-----
Axes           | 3 4 |  4.3
Dodging        | 3 |  3.1
Armour         | 1 |  1.9
Fighting       | 3 |  3.0
Stealth        | 1 |  1.0
Throwing       | |  1.9

Action                   |  1- 3 |  4- 6 || total
-------------------------+-------+-------++-------
Melee: War axe           |   114 |    72 ||   186
  Use: Scroll            |       |     6 ||     6
       Potion            |       |     2 ||     2
Armor: Leather armour    |    21 |       ||    21
       Ring mail         |    46 |    36 ||    82
Dodge: Dodged            |    91 |    38 ||   129

Table legend: (Time is in decaauts)
 A = Elapsed time spent in this place.
 B = Non-inter-level travel time spent in this place.
 C = Inter-level travel time spent in this place.
 D = Time resting spent in this place.
 E = Time spent auto-exploring this place.
 F = Levels seen in this place.
 G = Mean time per level.
                   A        B        C        D        E       F      G
               +--------+--------+--------+--------+--------+-----+--------+
         Total |   2825 |   2764 |     61 |    209 |   1482 |   5 |  565.0 |
       Dungeon |   2737 |   2676 |     61 |    209 |   1482 |   4 |  684.2 |
        Temple |     88 |     88 |      0 |      0 |      0 |   1 |   88.0 |
               +--------+--------+--------+--------+--------+-----+--------+

Top non-repeatable levels by time:
     D:1: 1201 daAuts
     D:2: 1018 daAuts
     D:3: 331 daAuts
     D:4: 185 daAuts
  Temple: 88 daAuts
